SKY
PHILADELPHIA PHILLIES @ MEMPHIS BLUES
09/13/2061
 
TOP OF THE 1ST
Philadelphia Phillies batting - Pitching for Memphis Blues : RHP Roarke Ambrose
Pitching: RHP Roarke Ambrose
Batting: RHB Morris Kovar 0-0: Ball
1-0: Fly out, F4 (Line Drive, 4, EV 75.0 MPH)
Batting: RHB Martin Camacho 0-0: Fly out, F9 (Line Drive, 9, EV 84.4 MPH)
Batting: RHB José Romero 0-0: Ball
1-0: Ball
2-0: Called Strike
2-1: SOLO HOME RUN (Flyball, 9D, EV 98.1 MPH), Distance : 365 ft
Batting: RHB Fernando Espinosa 0-0: Ball
1-0: Ball
2-0: Ball
3-0: Base on Balls
Batting: LHB Justin Martin 0-0: Fly out, F7 (Line Drive, 7, EV 95.0 MPH)
Top of the 1st over - 1 run, 1 hit, 0 errors, 1 left on base; Philadelphia 1 - Memphis 0
BOTTOM OF THE 1ST
Memphis Blues batting - Pitching for Philadelphia Phillies : RHP Gaman Ramage
Pitching: RHP Gaman Ramage
Batting: RHB Pascal Tovar 0-0: Ball
1-0: Foul Ball, location: 5SF
1-1: Foul Ball, location: 3F
1-2: Ground out 6-3 (Groundball, 6, EV 83.1 MPH)
Batting: LHB John Evans 0-0: Ball
1-0: Called Strike
1-1: Called Strike
1-2: Strikes out swinging
Batting: RHB Adam Penner 0-0: Called Strike
0-1: Ground out 3-1 (Groundball, 34, EV 81.3 MPH)
Bottom of the 1st over - 0 runs, 0 hits, 0 errors, 0 left on base; Philadelphia 1 - Memphis 0
TOP OF THE 2ND
Philadelphia Phillies batting - Pitching for Memphis Blues : RHP Roarke Ambrose
Batting: RHB C.J. Nicole 0-0: Foul Ball, location: 9LDF
0-1: Ball
1-1: Ground out 6-3 (Groundball, 6, EV 101.9 MPH)
Batting: RHB Glenn Cox 0-0: Ball
1-0: Called Strike
1-1: Ball
2-1: Foul Ball, location: 2F
2-2: Ball
3-2: Ground out 5-3 (Groundball, 56S, EV 71.9 MPH)
Batting: LHB Cole Thomas 0-0: Ball
1-0: Ball
2-0: Ball
3-0: Called Strike
3-1: Ground out 4-3 (Groundball, 4, EV 87.5 MPH)
Top of the 2nd over - 0 runs, 0 hits, 0 errors, 0 left on base; Philadelphia 1 - Memphis 0
BOTTOM OF THE 2ND
Memphis Blues batting - Pitching for Philadelphia Phillies : RHP Gaman Ramage
Batting: SHB Mario Brown 0-0: Called Strike
0-1: Swinging Strike
0-2: Ball
1-2: Strikes out swinging
Batting: RHB Rolando Estorga 0-0: Foul Ball, location: 2F
0-1: Foul Ball, location: 3SF
0-2: Ball
1-2: Foul Ball, location: 9LDF
1-2: Fly out, F8 (Flyball, 8LD, EV 96.9 MPH)
Batting: SHB Jean Biffle 0-0: Ball
1-0: Ball
2-0: Called Strike
2-1: Ground out 3-1 (Groundball, 34S, EV 85.0 MPH)
Bottom of the 2nd over - 0 runs, 0 hits, 0 errors, 0 left on base; Philadelphia 1 - Memphis 0
TOP OF THE 3RD
Philadelphia Phillies batting - Pitching for Memphis Blues : RHP Roarke Ambrose
Batting: RHB Quinn Papaskiri 0-0: Ground out 6-3 (Groundball, 6, EV 105.0 MPH)
Batting: RHB Morris Kovar 0-0: Called Strike
0-1: Swinging Strike
0-2: Strikes out swinging
Batting: RHB Martin Camacho 0-0: Fly out, F8 (Line Drive, 8RD, EV 88.1 MPH)
Top of the 3rd over - 0 runs, 0 hits, 0 errors, 0 left on base; Philadelphia 1 - Memphis 0
BOTTOM OF THE 3RD
Memphis Blues batting - Pitching for Philadelphia Phillies : RHP Gaman Ramage
Batting: RHB Warren White 0-0: Ground out 3-1 (Groundball, 34, EV 86.3 MPH)
Batting: RHB Joel Ervin 0-0: Called Strike
0-1: Ball
1-1: Bunt - Flyout to 15S! F1
Batting: RHB Pedro Casillas 0-0: Swinging Strike
0-1: Foul Ball, location: 9LMF
0-2: Foul Ball, location: 2F
0-2: Fly out, F7 (Flyball, 7LM, EV 84.4 MPH)
Bottom of the 3rd over - 0 runs, 0 hits, 0 errors, 0 left on base; Philadelphia 1 - Memphis 0
TOP OF THE 4TH
Philadelphia Phillies batting - Pitching for Memphis Blues : RHP Roarke Ambrose
Batting: RHB José Romero 0-0: Foul Ball, location: 9LMF
0-1: Called Strike
0-2: Ground out 4-3 (Groundball, 4, EV 109.4 MPH)
Batting: RHB Fernando Espinosa 0-0: Foul Ball, location: 23F
0-1: Foul Ball, location: 25F
0-2: Ball
1-2: Foul Ball, location: 3SF
1-2: Foul Ball, location: 3F
1-2: Ground out 6-3 (Groundball, 6D, EV 95.6 MPH)
Batting: LHB Justin Martin 0-0: Called Strike
0-1: Ball
1-1: Ball
2-1: Foul Ball, location: 2F
2-2: Foul Ball, location: 2F
2-2: Foul Ball, location: 2F
2-2: Fly out, F6 (Line Drive, 6, EV 71.9 MPH)
Top of the 4th over - 0 runs, 0 hits, 0 errors, 0 left on base; Philadelphia 1 - Memphis 0
BOTTOM OF THE 4TH
Memphis Blues batting - Pitching for Philadelphia Phillies : RHP Gaman Ramage
Batting: RHB Pascal Tovar 0-0: Ball
1-0: Swinging Strike
1-1: Ball
2-1: Fly out, F8 (Flyball, 8LXD, EV 95.6 MPH)
Batting: LHB John Evans 0-0: Ball
1-0: Called Strike
1-1: Foul Ball, location: 3SF
1-2: Foul Ball, location: 9LMF
1-2: Ground out 4-3 (Groundball, 4D, EV 100.6 MPH)
Batting: RHB Adam Penner 0-0: Called Strike
0-1: Ball
1-1: Ball
2-1: Ground out 4-3 (Groundball, 4M, EV 79.4 MPH)
Bottom of the 4th over - 0 runs, 0 hits, 0 errors, 0 left on base; Philadelphia 1 - Memphis 0
TOP OF THE 5TH
Philadelphia Phillies batting - Pitching for Memphis Blues : RHP Roarke Ambrose
Batting: RHB C.J. Nicole 0-0: Called Strike
0-1: Fly out, F9 (Line Drive, 9, EV 99.4 MPH)
Batting: RHB Glenn Cox 0-0: Ball
1-0: Called Strike
1-1: Ball
2-1: Ball
3-1: Base on Balls
Batting: LHB Cole Thomas 0-0: Ball
1-0: Foul Ball, location: 23F
1-1: Ball
2-1: Fielders Choice at 2nd, 4-6 (Groundball, 4D, EV 86.9 MPH)
Batting: RHB Quinn Papaskiri 0-0: Ball
Cole Thomas steals 2nd base
1-0: Called Strike
1-1: Ball
2-1: Ball
3-1: Foul Ball, location: 23FF
3-2: Base on Balls
Batting: RHB Morris Kovar 0-0: Ball
1-0: Ball
2-0: Called Strike
2-1: Called Strike
2-2: Foul Ball, location: 3SF
2-2: Ball
3-2: Foul Ball, location: 23FF
3-2: Ground out 4-3 (Groundball, 34, EV 102.5 MPH)
Top of the 5th over - 0 runs, 0 hits, 0 errors, 2 left on base; Philadelphia 1 - Memphis 0
BOTTOM OF THE 5TH
Memphis Blues batting - Pitching for Philadelphia Phillies : RHP Gaman Ramage
Batting: SHB Mario Brown 0-0: Ball
1-0: Ball
2-0: Swinging Strike
2-1: Ball
3-1: SOLO HOME RUN (Flyball, 89XD, EV 100.0 MPH), Distance : 413 ft
Batting: RHB Rolando Estorga 0-0: Called Strike
0-1: Ball
1-1: DOUBLE (Flyball, 8RXD, EV 108.8 MPH)
Batting: SHB Jean Biffle 0-0: Called Strike
0-1: Swinging Strike
0-2: Foul Ball, location: 5DF
0-2: Foul Ball, location: 5FF
0-2: Ball
1-2: Strikes out looking
Batting: RHB Warren White 0-0: Foul Ball, location: 2F
0-1: Swinging Strike
0-2: Foul Ball, location: 2F
0-2: Ball
1-2: Foul Ball, location: 2F
1-2: SINGLE (Groundball, 34D, EV 105.0 MPH)
Rolando Estorga to third
Batting: RHB Joel Ervin 0-0: Foul Ball, location: 3F
0-1: Ball
1-1: Swinging Strike
1-2: Ball
2-2: Foul Ball, location: 23F
2-2: Foul Ball, location: 25F
2-2: Strikes out swinging
Batting: RHB Pedro Casillas 0-0: Ball
1-0: Ball
2-0: Ball
3-0: Called Strike
3-1: Called Strike
3-2: Ground out 1-3 (Groundball, 15, EV 64.4 MPH)
Bottom of the 5th over - 1 run, 3 hits, 0 errors, 2 left on base; Philadelphia 1 - Memphis 1
TOP OF THE 6TH
Philadelphia Phillies batting - Pitching for Memphis Blues : RHP Roarke Ambrose
Batting: RHB Martin Camacho 0-0: Ground out 5-3 (Groundball, 5, EV 103.1 MPH)
Batting: RHB José Romero 0-0: Foul Ball, location: 2RF
0-1: SOLO HOME RUN (Flyball, 8LXD, EV 105.0 MPH), Distance : 427 ft
Batting: RHB Fernando Espinosa 0-0: Ball
1-0: Ground out 6-3 (Groundball, 56, EV 86.3 MPH)
Batting: LHB Justin Martin 0-0: Swinging Strike
0-1: Ball
1-1: Foul Ball, location: 9LDF
1-2: Ball
2-2: Foul Ball, location: 5FF
2-2: Foul Ball, location: 5SF
2-2: Ball
3-2: Foul Ball, location: 7LSF
3-2: DOUBLE (Flyball, 8RXD, EV 111.9 MPH)
Batting: RHB C.J. Nicole 0-0: Ground out 6-3 (Groundball, 6S, EV 63.8 MPH)
Top of the 6th over - 1 run, 2 hits, 0 errors, 1 left on base; Philadelphia 2 - Memphis 1
BOTTOM OF THE 6TH
Memphis Blues batting - Pitching for Philadelphia Phillies : RHP Gaman Ramage
Batting: RHB Pascal Tovar 0-0: Ball
1-0: Swinging Strike
1-1: Fly out, F4 (Popup, 34D, EV 72.5 MPH)
Batting: LHB John Evans 0-0: Foul Ball, location: 2F
0-1: Fly out, F3 (Popup, 3SF, EV 76.3 MPH)
Batting: RHB Adam Penner 0-0: Foul Ball, location: 2F
0-1: Called Strike
0-2: Strikes out swinging
Bottom of the 6th over - 0 runs, 0 hits, 0 errors, 0 left on base; Philadelphia 2 - Memphis 1
TOP OF THE 7TH
Philadelphia Phillies batting - Pitching for Memphis Blues : RHP Roarke Ambrose
Now at SS: A.J. Long
Batting: RHB Glenn Cox 0-0: Fly out, F9 (Line Drive, 9, EV 91.9 MPH)
Batting: LHB Cole Thomas 0-0: Ball
1-0: Called Strike
1-1: SINGLE (Groundball, 6MD, EV 106.3 MPH)
Pitching: RHP Zósimo Tejada
Batting: RHB Quinn Papaskiri 0-0: Called Strike
0-1: Ball
1-1: Fly out, F9 (Flyball, 9D, EV 90.0 MPH)
Batting: RHB Morris Kovar 0-0: Fly out, F4 (Popup, 34, EV 73.1 MPH)
Top of the 7th over - 0 runs, 1 hit, 0 errors, 1 left on base; Philadelphia 2 - Memphis 1
BOTTOM OF THE 7TH
Memphis Blues batting - Pitching for Philadelphia Phillies : RHP Gaman Ramage
Pitching: RHP Aiden Salazar
Batting: SHB Mario Brown 0-0: Swinging Strike
0-1: Ball
1-1: Called Strike
1-2: Fly out, F8 (Flyball, 8RXD, EV 105.0 MPH)
Batting: RHB Rolando Estorga 0-0: Ball
1-0: Swinging Strike
1-1: Ground out 6-3 (Groundball, 56, EV 101.9 MPH)
Batting: SHB Jean Biffle 0-0: Called Strike
0-1: Foul Ball, location: 2F
0-2: Ball
1-2: DOUBLE (Line Drive, 8RXD, EV 107.5 MPH)
Batting: RHB Warren White 0-0: Ball
1-0: Ball
2-0: SINGLE (Line Drive, 9LM, EV 89.4 MPH)
Jean Biffle to third
Runner from 3rd tries for Home, SAFE, throw by RF to home
Batting: RHB Joel Ervin 0-0: Called Strike
0-1: Called Strike
0-2: Ball
1-2: Strikes out swinging
Bottom of the 7th over - 1 run, 2 hits, 0 errors, 1 left on base; Philadelphia 2 - Memphis 2
TOP OF THE 8TH
Philadelphia Phillies batting - Pitching for Memphis Blues : RHP Zósimo Tejada
Batting: RHB Martin Camacho 0-0: Ball
1-0: Ball
2-0: Ball
3-0: Called Strike
3-1: Foul Ball, location: 9LMF
3-2: Foul Ball, location: 2F
3-2: SINGLE (Flyball, 89S, EV 95.0 MPH)
Batting: RHB José Romero 0-0: Called Strike
0-1: Fly out, F9 (Line Drive, 9, EV 91.9 MPH)
Batting: RHB Fernando Espinosa 0-0: Ball
1-0: Grounds into double play, 4-6-3 (Groundball, 4MD, EV 94.4 MPH)
Top of the 8th over - 0 runs, 1 hit, 0 errors, 0 left on base; Philadelphia 2 - Memphis 2
BOTTOM OF THE 8TH
Memphis Blues batting - Pitching for Philadelphia Phillies : RHP Aiden Salazar
Pitching: LHP Ricky Conklin
Batting: RHB A.J. Long 0-0: Called Strike
0-1: Called Strike
0-2: Strikes out swinging
Batting: RHB Pascal Tovar 0-0: Ball
1-0: Fly out, F4 (Popup, 34, EV 63.1 MPH)
Pinch Hitting: RHB Quinn Olson 0-0: Called Strike
0-1: Ball
1-1: Foul Ball, location: 3FF
1-2: Ball
2-2: Ball
3-2: Fly out, F7 (Line Drive, 7, EV 95.6 MPH)
Bottom of the 8th over - 0 runs, 0 hits, 0 errors, 0 left on base; Philadelphia 2 - Memphis 2
TOP OF THE 9TH
Philadelphia Phillies batting - Pitching for Memphis Blues : RHP Zósimo Tejada
Now in LF: Noah Robin
Now in CF: Pascal Tovar
Batting: LHB Justin Martin 0-0: Ball
1-0: Ball
2-0: Ground out 5-3 (Groundball, 5L, EV 82.5 MPH)
Pinch Hitting: LHB Salvador Burbano 0-0: Ball
1-0: Called Strike
1-1: Foul Ball, location: 3F
1-2: Strikes out swinging
Batting: RHB Glenn Cox 0-0: Called Strike
0-1: Swinging Strike
0-2: Ball
1-2: SOLO HOME RUN (Flyball, 8RXD, EV 110.6 MPH), Distance : 431 ft
Batting: LHB Cole Thomas 0-0: Ball
1-0: Called Strike
1-1: Called Strike
1-2: Ball
2-2: Foul Ball, location: 25F
2-2: Ground out 4-3 (Groundball, 4, EV 91.3 MPH)
Top of the 9th over - 1 run, 1 hit, 0 errors, 0 left on base; Philadelphia 3 - Memphis 2
BOTTOM OF THE 9TH
Memphis Blues batting - Pitching for Philadelphia Phillies : LHP Ricky Conklin
Pitching: RHP Will Fontaine
Now at 2B: Corey Wells
Now at SS: Martin Camacho
Batting: RHB Adam Penner 0-0: Called Strike
0-1: Foul Ball, location: 2F
0-2: Fly out, F7 (Flyball, 7S, EV 91.3 MPH)
Batting: SHB Mario Brown 0-0: Called Strike
0-1: Ball
1-1: Ball
2-1: Ground out 4-3 (Groundball, 4, EV 91.9 MPH)
Batting: RHB Rolando Estorga 0-0: Ball
1-0: Ball
2-0: Called Strike
2-1: Swinging Strike
2-2: Foul Ball, location: 2F
2-2: SOLO HOME RUN (Flyball, 9D, EV 90.6 MPH), Distance : 345 ft
Batting: SHB Jean Biffle 0-0: Ball
1-0: Fly out, F8 (Line Drive, 8LM, EV 90.0 MPH)
Bottom of the 9th over - 1 run, 1 hit, 0 errors, 0 left on base; Philadelphia 3 - Memphis 3
TOP OF THE 10TH
Philadelphia Phillies batting - Pitching for Memphis Blues : RHP Zósimo Tejada
Batting: RHB Quinn Papaskiri 0-0: Foul Ball, location: 2F
0-1: Foul Ball, location: 2F
0-2: Ball
1-2: Fly out, F3 (Popup, 3SF, EV 72.5 MPH)
Batting: RHB Morris Kovar 0-0: Ball
1-0: Ball
2-0: Ball
3-0: Called Strike
3-1: Foul Ball, location: 2F
3-2: SINGLE (Groundball, 4MD, EV 100.0 MPH)
Pitching: RHP Ernie Longie
Batting: RHB Martin Camacho 0-0: Called Strike
0-1: Swinging Strike
0-2: Foul Ball, location: 5F
0-2: SINGLE (Groundball, 4MD, EV 101.9 MPH)
Morris Kovar to second
Pinch Runner at 2nd Jackson Dziedzic:
Batting: RHB José Romero 0-0: Foul Ball, location: 3DF
0-1: Ball
1-1: Foul Ball, location: 2F
1-2: Ball
2-2: Foul Ball, location: 3DF
2-2: Fly out, F8 (Flyball, 8RD, EV 94.4 MPH)
Runner from 2nd tags up, OUT at 3rd! 8-5
Top of the 10th over - 0 runs, 2 hits, 0 errors, 1 left on base; Philadelphia 3 - Memphis 3
BOTTOM OF THE 10TH
Memphis Blues batting - Pitching for Philadelphia Phillies : RHP Will Fontaine
Now in LF: Iben Sherry
Pinch Hitting: SHB Bill Nguyen 0-0: Called Strike
0-1: Fly out, F9 (Flyball, 9LD, EV 109.4 MPH)
Batting: RHB Joel Ervin 0-0: Ball
1-0: Called Strike
1-1: Ball
2-1: Fly out, F7 (Flyball, 7LM, EV 93.8 MPH)
Batting: RHB A.J. Long 0-0: Called Strike
0-1: Ball
1-1: Foul Ball, location: 9LSF
1-2: Strikes out looking
Bottom of the 10th over - 0 runs, 0 hits, 0 errors, 0 left on base; Philadelphia 3 - Memphis 3
TOP OF THE 11TH
Philadelphia Phillies batting - Pitching for Memphis Blues : RHP Ernie Longie
Now at C: Alard Moran
Batting: RHB Fernando Espinosa 0-0: Ball
1-0: Ball
2-0: Foul Ball, location: 5F
2-1: Foul Ball, location: 2LF
2-2: Ground out 4-3 (Groundball, 4, EV 100.0 MPH)
Batting: LHB Justin Martin 0-0: Ball
1-0: Called Strike
1-1: Foul Ball, location: 25F
1-2: Foul Ball, location: 9LSF
1-2: Ground out U3 (Groundball, 3, EV 82.5 MPH)
Batting: RHB Corey Wells 0-0: Ball
1-0: Called Strike
1-1: Called Strike
1-2: Foul Ball, location: 23F
1-2: Strikes out looking
Top of the 11th over - 0 runs, 0 hits, 0 errors, 0 left on base; Philadelphia 3 - Memphis 3
BOTTOM OF THE 11TH
Memphis Blues batting - Pitching for Philadelphia Phillies : RHP Will Fontaine
Batting: RHB Pascal Tovar 0-0: Called Strike
0-1: Ball
1-1: Fly out, F4 (Popup, 4MS, EV 70.6 MPH)
Batting: RHB Noah Robin 0-0: Foul Ball, location: 2F
0-1: Swinging Strike
0-2: Fly out, F8 (Flyball, 8LXD, EV 109.4 MPH)
Batting: RHB Adam Penner 0-0: Ball
1-0: Fly out, F8 (Flyball, 8RM, EV 90.0 MPH)
Bottom of the 11th over - 0 runs, 0 hits, 0 errors, 0 left on base; Philadelphia 3 - Memphis 3
TOP OF THE 12TH
Philadelphia Phillies batting - Pitching for Memphis Blues : RHP Ernie Longie
Pitching: RHP Walt Schonlebe
Batting: RHB Glenn Cox 0-0: Ball
1-0: SINGLE (Line Drive, 89S, EV 106.9 MPH)
Batting: LHB Cole Thomas 0-0: Called Strike
0-1: SINGLE (Flyball, 6MD, EV 93.1 MPH)
Glenn Cox to second
Pinch Hitting: SHB Jair Leija 0-0: Called Strike
0-1: Fly out, F9 (Flyball, 9LSF, EV 83.1 MPH)
Batting: RHB Iben Sherry 0-0: Called Strike
0-1: Called Strike
0-2: Ball
1-2: Strikes out swinging
Batting: RHB Martin Camacho 0-0: Ball
1-0: Foul Ball, location: 9LDF
1-1: Swinging Strike
1-2: Fly out, F9 (Line Drive, 9, EV 99.4 MPH)
Top of the 12th over - 0 runs, 2 hits, 0 errors, 2 left on base; Philadelphia 3 - Memphis 3
BOTTOM OF THE 12TH
Memphis Blues batting - Pitching for Philadelphia Phillies : RHP Will Fontaine
Pitching: RHP Jake Prendergast
Now at 3B: Jair Leija
Batting: SHB Mario Brown 0-0: Ball
1-0: Swinging Strike
1-1: SINGLE (Groundball, 4D, EV 96.3 MPH)
Batting: RHB Rolando Estorga 0-0: Fly out, F7 (Flyball, 7LS, EV 86.9 MPH)
Batting: SHB Jean Biffle 0-0: Called Strike
0-1: Ball
1-1: Called Strike
1-2: Ball
2-2: Ball
3-2: Foul Ball, location: 2F
3-2: Foul Ball, location: 2F
3-2: Base on Balls
Mario Brown to second
Batting: RHB Alard Moran 0-0: Ball
1-0: Fly out, F4 (Popup, 3D, EV 72.5 MPH)
Batting: RHB Joel Ervin 0-0: SINGLE (Line Drive, 89S, EV 90.6 MPH)
Mario Brown to third
Jean Biffle to second
Runner from 3rd tries for Home, SAFE, throw by RF to home
Bottom of the 12th over - 1 run, 2 hits, 0 errors, 2 left on base; Philadelphia 3 - Memphis 4
Monday, March 31st , 2025 - OOTP Baseball 25.11 Build 104